 Dungeon Crawl Stone Soup version 0.25-a0-294-gea9b1ad378 (webtiles) character file.

Game seed: 17492471313911384523, levelgen mode: classic

4027 Borgoz the Basher (level 10, -9/64 HPs)
             Began as a Gargoyle Fighter on Dec 16, 2019.
             Was an Initiate of Ashenzari.
             Mangled by an orc knight
             ... wielding a +0 battleaxe
              (17 damage)
             ... in a bailey on Dec 17, 2019.
             The game lasted 00:15:35 (8064 turns).

Borgoz the Basher (Gargoyle Fighter)                Turns: 8064, Time: 00:15:36

Health: -9/64      AC: 17    Str: 25    XL:     10   Next: 24%
Magic:  10/10      EV:  8    Int: 10    God:    Ashenzari [......]
Gold:   294        SH: 11    Dex: 11    Spells: 9/9 levels left

rFire    . . .     SeeInvis .   a - +3 morningstar (curse)
rCold    . . .     Gourm    .   c - +0 shield
rNeg     + . .     Faith    .   b - +0 scale mail
rPois    ∞         Spirit   .   (no helmet)
rElec    +         Reflect  .   q - +1 cloak
rCorr    .         Harm     .   (no gloves)
MR       .....                  (no boots)
Stlth    ..........             (no amulet)
HPRegen  0.20/turn              (no ring)
MPRegen  0.12/turn              (no ring)

@: mighty
A: negative energy resistance 1, electricity resistance, unbreathing,
petrification resistance, rot immunity, AC +7
a: Curse Item, Renounce Religion


You were in a bailey.
You worshipped Ashenzari.
Ashenzari was noncommittal.
You were not hungry.

You visited 2 branches of the dungeon, and saw 9 of its levels.
You also visited: Bailey.

You collected 294 gold pieces.

Inventory:

Hand Weapons
 a - a cursed +3 morningstar (weapon)
Armour
 b - a +0 scale mail (worn)
 c - a +0 shield (worn)
 q - a +1 cloak (worn)
Wands
 m - a wand of flame (5)
Scrolls
 e - 3 scrolls of enchant weapon
 g - 3 scrolls of remove curse
 h - a scroll of amnesia
 o - 5 scrolls of teleportation
 p - a scroll of blinking
Potions
 d - 2 potions of might
 i - a potion of agility
 j - 4 potions of curing
 k - 3 potions of flight
 l - 3 potions of brilliance
 r - 2 potions of mutation
Comestibles
 f - 11 rations
 t - 2 chunks of flesh


   Skills:
 + Level 7.9 Fighting
 * Level 9.4 Maces & Flails
 + Level 7.9 Armour
 + Level 7.8 Shields


You had 9 spell levels left.
You didn't know any spells.
Your spell library contained the following spells:

 Spells                   Type           Power        Failure   Level  Hunger
 Animate Skeleton         Necr           N/A          90%         1    ##.....
 Pain                     Necr           #...         90%         1    ##.....
 Regeneration             Chrm/Necr      #.........   99%         3    ####...
 Vampiric Draining        Necr           #.........   99%         3    ####...
 Animate Dead             Necr           N/A          100%        4    #####..


Dungeon Overview and Level Annotations

Branches:
Dungeon (8/15)             Temple (1/1) D:7            Lair (0/6) D:8
 Bailey (1/1)

Altars:
Ashenzari
Cheibriados
Elyvilon
Fedhas
Gozag
Hepliaklqana
Kikubaaqudgha
Makhleb
Nemelex Xobeh
Okawaru
Qazlal
Ru
Trog
Uskayaw
Vehumet
Xom
Yredelemnul
Zin
The Shining One

Annotations:
Bailey 3 runed translucent doors


Innate Abilities, Weirdness & Mutations

You are resistant to torment.
Your stone body is resilient. (AC +7)
You are immune to poison.
You resist negative energy. (rN+)
You are resistant to electric shocks. (rElec)
You can survive without breathing.
You are immune to petrification.
You are immune to rotting.


Message History

Unknown command.
You feel much better. You block the hobgoblin's attack.
The goblin hits you but does no damage.
You feel very mighty all of a sudden.
The hobgoblin shouts!
The orc knight hits you with a +0 battleaxe!
The hobgoblin hits you but does no damage.
You block the goblin's attack.
You puncture the orc knight!
The orc knight is heavily wounded.
You block the hobgoblin's attack.
The orc knight hits you with a +0 battleaxe!
* * * LOW HITPOINT WARNING * * *
The goblin hits you but does no damage.
You impale the orc knight!!
The orc knight is severely wounded.
The hobgoblin hits you but does no damage.
The goblin barely misses you.
The orc knight hits you with a +0 battleaxe!
You die...

##.......##
##..8..8...#
#...
#..........#
#...
#$.........'
...
#...8.....
#.
#......####
≈≈ #
#ggo..#≈≈#
.."≈#
#@...#g..
...!o#
#...##≈8.
.8.8##
#...+≈≈..
...g#.
#...+≈≈..
....#.
#...+≈≈..
...#.
#...##g8.
8.8##
##....#≈..
.?≈#
##.....#≈≈#
.[≈#
##......####
≈≈##


You could see an orc knight, 2 hobgoblins and 2 goblins.

Vanquished Creatures
  A hippogriff (D:8)
  A basilisk (D:8)
  2 porcupines
  3 orc warriors (Bailey)
  A water moccasin (D:7)
  Duvessa (D:6)
  2 ice beasts
  A phantom (D:8)
  3 black bears
  2 ogres
  A sky beast (D:7)
  A centaur (D:5)
  2 wolves
  3 crocodiles (D:8)
  A gnoll sergeant (D:5)
  3 bullfrogs
  Dowan (D:6)
  4 scorpions
  4 wights (D:6)
  2 howler monkeys (D:5)
  2 crimson imps
  4 hounds
  2 jellies
  A gnoll shaman (D:5)
  An orc wizard (D:6)
  Crazy Yiuf (D:5)
  Terence (D:2)
  2 iguanas
  7 worker ants
  The ghost of Hyawatha the Charlatan, a weakling GrAr (D:3)
  2 worker ant zombies
  15 gnolls
  8 adders
  2 river rats (D:6)
  2 shadow imps
  An ooze (D:2)
  3 worms
  3 dart slugs
  6 leopard geckos
  11 orcs
  7 giant cockroaches
  12 goblins
  10 hobgoblins
  9 jackals
  2 quokkas
  2 ball pythons (D:3)
  11 bats
  6 frilled lizards
  17 kobolds
  A leopard gecko zombie (D:7)
  2 quokka zombies
  9 rats
202 creatures vanquished.

Vanquished Creatures (others)
  A leopard gecko (D:1)
  A hobgoblin (D:1)
2 creatures vanquished.

Grand Total: 204 creatures vanquished

Notes
Turn   | Place    | Note
-------+----------+-------------------------------------------
     0 | D:1      | Borgoz the Gargoyle Fighter began the quest for the Orb.
     0 | D:1      | Reached XP level 1. HP: 14/14 MP: 1/1
   176 | D:1      | Reached XP level 2. HP: 19/19 MP: 2/2
   666 | D:2      | Reached XP level 3. HP: 23/23 MP: 3/3
   667 | D:2      | Noticed Terence
   697 | D:2      | Killed Terence
   697 | D:2      | Reached skill level 3 in Maces & Flails
   728 | D:2      | Reached XP level 4. HP: 27/29 MP: 4/4
   944 | D:2      | Found a sacrificial altar of Ru.
  1075 | D:2      | Found a blossoming altar of Fedhas.
  1185 | D:2      | You fall into a shaft and drop 1 floor!
  1206 | D:3      | Reached XP level 5. HP: 32/33 MP: 5/5
  1218 | D:3      | Found a runed translucent door.
  1220 | D:3      | Noticed Hyawatha's ghost (weakling GrAr)
  1268 | D:3      | Killed Hyawatha's ghost
  1278 | D:3      | Found a runed translucent door.
  2065 | D:4      | Got an ivory short sword
  2066 | D:4      | Identified the +5 short sword of the Iron City of Dis
                  | {pierce, rElec rPois rN++ Int+2} (You found it on level 4
                  | of the Dungeon)
  2517 | D:4      | Reached skill level 4 in Maces & Flails
  2950 | D:5      | Entered Level 5 of the Dungeon
  2962 | D:5      | Reached XP level 6. HP: 19/39 MP: 6/6
  3718 | D:5      | Reached XP level 7. HP: 20/44 MP: 7/7
  3902 | D:5      | Reached skill level 5 in Fighting
  3902 | D:5      | Reached skill level 5 in Maces & Flails
  3902 | D:5      | Reached skill level 5 in Armour
  3902 | D:5      | Reached skill level 5 in Shields
  4551 | D:5      | Found a runed translucent door.
  4552 | D:5      | Noticed Crazy Yiuf
  4641 | D:5      | Reached XP level 8. HP: 50/50 MP: 8/8
  4826 | D:5      | Reached skill level 6 in Maces & Flails
  5080 | D:5      | Killed Crazy Yiuf
  5272 | D:6      | Found an opulent altar of Gozag.
  5459 | D:6      | Noticed Dowan
  5459 | D:6      | Noticed Duvessa
  5473 | D:6      | Killed Duvessa
  5483 | D:6      | Killed Dowan
  5483 | D:6      | Reached skill level 7 in Maces & Flails
  5564 | D:6      | Found a shimmering altar of Xom.
  5672 | D:6      | Reached XP level 9. HP: 53/56 MP: 9/9
  6177 | D:7      | Found an iron altar of Okawaru.
  6180 | D:7      | Found the +10 zealot's sword {holy, *Rage rN+ EV+3}
  6338 | D:7      | Found a staircase to the Ecumenical Temple.
  6447 | D:7      | Found a sparkling altar of Nemelex Xobeh.
  6517 | D:7      | Reached skill level 8 in Maces & Flails
  6934 | Temple   | Entered the Ecumenical Temple
  6991 | Temple   | Became a worshipper of Ashenzari the Shackled
  7171 | D:7      | Reached skill level 9 in Maces & Flails
  7171 | D:7      | Reached XP level 10. HP: 14/63 MP: 10/10
  7510 | D:8      | Found a staircase to the Lair.
  7541 | D:8      | Found a flagged portal.
  7562 | Bailey   | Entered a bailey
  7567 | Bailey   | Noticed an orc warlord
  7568 | Bailey   | Identified the amulet of Leckiopp {Acrobat rN+++ Str-2
                  | Stlth+}
  8039 | Bailey   | Found a runed translucent gate.
  8042 | Bailey   | Found a runed translucent gate.
  8043 | Bailey   | Found a runed translucent gate.
  8049 | Bailey   | Noticed an orc knight
  8064 | Bailey   | Mangled by an orc knight

Levels and vault maps discovered:
D:1:      ncdulo_smallfort, layout_rooms, lemuel_flame_loot_1
D:2:      layout_loops_ring, lemuel_crystal_altar, fedhas_altar_1, first_ration,
          uniq_terence
D:3:      kennysheep_six_static_rooms, layout_loops_cross, ebering_ghost_sewer_f
D:4:      layout_loops_corners, chequers_serial_rivers_room_a,
          chequers_serial_rivers_marsh
D:5:      layout_loops_ring, uniq_crazy_yiuf_cottage
D:6:      layout_rooms, kennysheep_mini, lemuel_coloured_pillars_altar,
          gup_sewer_entry_bubbles, uniq_duvessa
D:7:      layout_loops_cross, nemelex_xobeh_ov_fountains_minmay,
          okawaru_ov_weapons_minmay, temple_statues
D:8:      layout_layer_cave, gammafunk_temple_overflow_elements,
          minmay_lair_entry_grove, lightli_bailey_entry_fortress
Temple:   dshaligram_water_room_temple
Bailey:   bailey_axe_bossmonster_kennysheep, bailey

Skill      XL: |  1  2  3  4  5  6  7  8  9 |
---------------+----------------------------+-----
Maces & Flails | 3 4 5 7 9 |  9.4
Fighting       | 4 5 6 7 |  7.9
Shields        | 4 5 6 7 |  7.8
Armour         | 4 5 6 7 |  7.9

Action                   |  1- 3 |  4- 6 |  7- 9 | 10-12 || total
-------------------------+-------+-------+-------+-------++-------
Melee: Flail             |    79 |   292 |   175 |       ||   546
       Morningstar       |       |       |   230 |   103 ||   333
       Mace              |       |       |    18 |       ||    18
Throw: Throwing net      |       |       |       |     1 ||     1
Evoke: Wand              |       |       |       |     6 ||     6
  Use: Scroll            |       |     5 |    11 |     2 ||    18
       Potion            |       |     1 |     2 |     4 ||     7
 Stab: Held in net/web   |       |       |       |     1 ||     1
  Eat: Chunk             |       |     6 |     8 |     4 ||    18
       Ration            |       |     1 |     1 |       ||     2
Armor: Scale mail        |    59 |   170 |   234 |   117 ||   580
       Skin              |       |       |    13 |    27 ||    40
Dodge: Dodged            |    41 |   113 |   139 |    76 ||   369
Block: Shield            |    50 |   159 |   245 |   135 ||   589

Table legend:
 A = Non-vault XP
 B = Vault XP
 C = Vault XP percentage of total XP
 D = Non-vault monster count
 E = Vault monster count
 F = Vault count percentage of total count
                 A         B        C        D         E       F
            +---------+---------+-------+---------+---------+-------
      Total |    3561 |    2192 |  38.1 |     146 |      56 |  27.7
            +---------+---------+-------+---------+---------+-------
        D:1 |      33 |       0 |   0.0 |      18 |       0 |   0.0
        D:2 |      92 |      36 |  28.1 |      28 |       1 |   3.4
        D:3 |      23 |      34 |  59.6 |      12 |       9 |  42.9
        D:4 |      98 |       0 |   0.0 |       4 |       0 |   0.0
        D:5 |    1045 |      37 |   3.4 |      32 |       1 |   3.0
        D:6 |     766 |     266 |  25.8 |      27 |      10 |  27.0
        D:7 |    1129 |     258 |  18.6 |      22 |       2 |   8.3
        D:8 |     375 |    1122 |  74.9 |       3 |      15 |  83.3
     Bailey |       0 |     439 | 100.0 |       0 |      18 | 100.0
            +---------+---------+-------+---------+---------+-------
